 Dungeon Crawl Stone Soup version 0.28-a0-1567-g1695149f81 (webtiles) character file.

Game seed: 10145451527773049248

2841 lonewolfV2 the Grappler (level 9, 0/84 HPs)
             Began as a Troll Fighter on Jan 18, 2022.
             Succumbed to a killer bee's poison
             ... on level 7 of the Dungeon on Jan 19, 2022.
             The game lasted 00:14:25 (6107 turns).

lonewolfV2 the Grappler (Troll Fighter)             Turns: 6107, Time: 00:14:26

Health: 0/84       AC: 17    Str: 30    XL:     9   Next: 46%
Magic:  2/8        EV: 11    Int:  4    God:
Gold:   422        SH: 11    Dex: 15    Spells: 8/8 levels left

rFire   . . .      SeeInvis .   h - +6 trident (protect)
rCold   . . .      Faith    .   b - +2 kite shield
rNeg    . . .      Spirit   +   a - +0 robe
rPois   .          Reflect  .   (helmet restricted)
rElec   .          Harm     .   (no cloak)
rCorr   .          Rampage  .   (gloves unavailable)
Will    .....                   (boots unavailable)
Stlth   ++........              d - amulet of guardian spirit
HPRegen 1.04/turn               e - +4 ring of protection
MPRegen 0.11/turn               f - +6 ring of dexterity

@: lethally poisoned (0 -> -5), under a protective aura
A: large, unfitting armour, claws 3, regeneration 1, shaggy fur 1, tough skin 1,
horns 1, iridescent scales 1, sense surroundings 1
a: no special abilities


You were on level 7 of the Dungeon.
You visited 1 branch of the dungeon, and saw 8 of its levels.

You collected 422 gold pieces.

Inventory:

Hand Weapons
 h - a +6 trident of protection (weapon)
 p - a +0 short sword of venom
Armour
 a - a +0 robe (worn)
 b - a +2 kite shield (worn)
Jewellery
 d - an amulet of guardian spirit (around neck)
 e - a +4 ring of protection (left claw)
 f - a +6 ring of dexterity (right claw)
 j - a +4 ring of evasion
 l - a ring of wizardry
 s - a ring of poison resistance
Wands
 m - a wand of flame (10) (quivered)
Scrolls
 g - 2 scrolls of teleportation
 i - a scroll of identify {unknown}
 k - 2 scrolls of enchant weapon
 o - 2 scrolls of fog
 q - a scroll of magic mapping
Potions
 n - a potion of mutation


   Skills:
 + Level 3.9 Fighting
 + Level 1.3 Short Blades
 + Level 1.7 Polearms
 + Level 5.6 Dodging
 + Level 2.1 Stealth
 + Level 5.3 Shields
 + Level 8.2 Unarmed Combat


You had 8 spell levels left.
You didn't know any spells.
Your spell library contained the following spells:

 Spells                   Type           Power      Damage    Failure   Level
 Beastly Appendage        Tmut           0%         N/A       77%         1
 Freeze                   Ice            0%         1d3       77%         1
 Pain                     Necr           0%         1d4       77%         1
 Blink                    Tloc           0%         N/A       88%         2
 Static Discharge         Conj/Air       0%         N/A       88%         2
 Wereblood                Tmut           0%         N/A       88%         2
 Frozen Ramparts          Ice            0%         1d2       98%         3
 Gell's Gravitas          Tloc           0%         N/A       98%         3
 Spider Form              Tmut/Pois      0%         N/A       98%         3
 Teleport Other           Tloc           0%         N/A       98%         3
 Dispel Undead            Necr           0%         3d6       100%        4
 Hailstorm                Conj/Ice       0%         3d3       100%        4
 Sticky Flame             Conj/Fire      0%         2d3       100%        4
 Agony                    Necr           0%         N/A       100%        5
 Excruciating Wounds      Necr           0%         N/A       100%        5
 Manifold Assault         Tloc           0%         N/A       100%        5
 Dispersal                Tloc           0%         N/A       100%        6
 Storm Form               Tmut/Air       0%         N/A       100%        7


Dungeon Overview and Level Annotations

Branches:
Dungeon (8/15)             Temple (0/1) D:6
   Lair: D:8-11

Altars:
Okawaru
Sif Muna
Uskayaw

Shops:
D:5 *


Innate Abilities, Weirdness & Mutations

You are too large for most types of armour.
You have claws for hands.
Your natural rate of healing is unusually fast.
You are covered in fur. (AC +1)
You have tough skin. (AC +1)
You have a pair of small horns on your head.
You are partially covered in iridescent scales. (AC +2)
You passively map a small area around you.


Message History

* * * LOW HITPOINT WARNING * * *
The killer bee barely misses you. The killer bee closely misses you.
The killer bee stings you but does no damage.
The killer bee closely misses you.
You barely miss the killer bee. Your headbutt misses the killer bee.
You block the killer bee's attack. The killer bee closely misses you.
The killer bee stings you.
* * * LOW HITPOINT WARNING * * *
You are poisoned.
The killer bee poisons you! The killer bee barely misses you.
The killer bee closely misses you. The killer bee misses you.
The killer bee closely misses you.
You puncture the killer bee!
Your weapon exudes an aura of protection.
You kill the killer bee!
You feel sick.
The killer bee stings you but does no damage.
You block the killer bee's attack.
The killer bee stings you but does no damage.
The killer bee barely misses you. x2
The killer bee stings you but does no damage.
You miss the killer bee.
The killer bee is heavily wounded.
You feel sick.
The killer bee stings you but does no damage. x2
You block the killer bee's attack. The killer bee stings you.
* * * LOW HITPOINT WARNING * * *
The killer bee stings you but does no damage.
You closely miss the killer bee.
The killer bee is heavily wounded.
You feel sick. The killer bee stings you.
* * * LOW HITPOINT WARNING * * *
You are lethally poisoned!
The killer bee poisons you!
The killer bee stings you but does no damage. x2
You block the killer bee's attack. x3
You hit the killer bee.
Your weapon exudes an aura of protection.
The killer bee is heavily wounded.
You die...

#........## *,
##........##* , , ,
#..........# .
#..........# ..
#..≈≈§≈≈§§.## , ...
#.§≈≈≈§≈....##* ....
#.≈§_....8...###...
#.≈≈≈≈≈≈.....†y.#..##
#.§≈≈≈≈≈≈≈..#@y.....#
#............###..)..,
#####........# ##.
##.......#* *
##.......# * ######.##
* ###


You could see 2 killer bees.

Vanquished Creatures
  Maggie (D:7)
  The ghost of Zonian the Magician, an amateur DjIE of Ashenzari (D:6)
  An orc warrior (D:7)
  2 ice beasts (D:7)
  3 necrophages
  4 ogres
  A kobold brigand (D:7)
  A gnoll sergeant (D:7)
  2 scorpions (D:5)
  A water moccasin zombie (D:5)
  2 water moccasin skeletons (D:5)
  The ghost of Barbarella the Cudgeller, a weakling MiBe of Trog (D:3)
  8 killer bees
  2 quasits (D:3)
  A bullfrog skeleton (D:5)
  4 hounds
  Crazy Yiuf (D:2)
  6 iguanas
  5 orc wizards
  A scorpion zombie (D:5)
  2 hound skeletons (D:4)
  4 gnolls (D:7)
  A howler monkey skeleton (D:4)
  6 adders
  A white imp (D:7)
  An adder skeleton (D:4)
  2 worms
  12 orcs
  7 bats
  11 endoplasms
  11 giant cockroaches
  8 hobgoblins
  7 jackals
  6 quokkas
  2 ball pythons
  5 frilled lizards
  7 goblins
  10 kobolds
  10 rats
161 creatures vanquished.

Notes
Turn   | Place    | Note
-------+----------+-------------------------------------------
     0 | D:1      | lonewolfV2 the Troll Fighter began the quest for the Orb.
     0 | D:1      | Reached XP level 1. HP: 22/22 MP: 0/0
     1 | D:1      | Found a runed translucent door.
    75 | D:1      | Reached XP level 2. HP: 29/29 MP: 1/1
   377 | D:1      | Reached XP level 3. HP: 36/36 MP: 2/2
   558 | D:1      | Found a faded altar of an unknown god.
  1209 | D:2      | Reached XP level 4. HP: 44/44 MP: 3/3
  1284 | D:2      | Found a runed translucent door.
  1285 | D:2      | Noticed Crazy Yiuf
  1323 | D:2      | Reached skill level 3 in Unarmed Combat
  1573 | D:2      | Killed Crazy Yiuf
  1612 | D:3      | Noticed a necrophage
  1624 | D:3      | Killed a necrophage
  1625 | D:3      | Reached skill level 4 in Unarmed Combat
  1625 | D:3      | Reached XP level 5. HP: 19/50 MP: 1/4
  1678 | D:3      | Identified a scroll of acquirement
  1678 | D:3      | Acquired a +4 ring of protection
  1697 | D:3      | Found a transporter.
  1723 | D:3      | Found a transporter.
  1726 | D:3      | Noticed Barbarella's ghost (weakling MiBe)
  1748 | D:3      | Killed Barbarella's ghost
  1749 | D:3      | Reached XP level 6. HP: 50/59 MP: 3/5
  2687 | D:4      | Reached skill level 5 in Unarmed Combat
  2749 | D:4      | Reached XP level 7. HP: 62/66 MP: 6/6
  2964 | D:4      | Reached skill level 1 in Stealth
  3078 | D:4      | Reached skill level 6 in Unarmed Combat
  3351 | D:5      | Entered Level 5 of the Dungeon
  3430 | D:5      | Found a hide-covered altar of Uskayaw.
  3521 | D:5      | Reached XP level 8. HP: 75/75 MP: 7/7
  3630 | D:5      | Found Zikaeh's General Store.
  3769 | D:5      | Reached skill level 7 in Unarmed Combat
  3907 | D:5      | Found a glowing drain.
  4163 | D:6      | Upgraded the game from 0.28-a0-1555-g9ae15a6949 to
                  | 0.28-a0-1567-g1695149f81
  4298 | D:6      | Gained mutation: Your movements are slightly less
                  | encumbered by armour. (ER -2) [potion of mutation]
  4298 | D:6      | Gained mutation: You have supernaturally acute eyesight.
                  | (SInv) [potion of mutation]
  4593 | D:6      | Found a runed translucent gate.
  4593 | D:6      | Found a runed translucent gate.
  4593 | D:6      | Found a runed translucent gate.
  4594 | D:6      | Noticed Zonian's ghost (amateur DjIE)
  4621 | D:6      | Killed Zonian's ghost
  4629 | D:6      | Reached skill level 5 in Dodging
  4761 | D:6      | Found a staircase to the Ecumenical Temple.
  5147 | D:7      | Reached XP level 9. HP: 30/83 MP: 3/8
  5148 | D:7      | Noticed a two-headed ogre
  5219 | D:7      | Noticed Maggie
  5298 | D:7      | Reached skill level 8 in Unarmed Combat
  5425 | D:7      | Found an iron altar of Okawaru.
  5575 | D:7      | Killed Maggie
  5576 | D:7      | Reached skill level 1 in Short Blades
  5576 | D:7      | Reached skill level 5 in Shields
  5833 | D:7      | Reached skill level 1 in Polearms
  6047 | D:7      | Found a shimmering blue altar of Sif Muna.
  6099 | D:7      | Lost mutation: You have supernaturally acute eyesight.
                  | (SInv) [potion of mutation]
  6099 | D:7      | Lost mutation: Your movements are slightly less encumbered
                  | by armour. (ER -2) [potion of mutation]
  6099 | D:7      | Gained mutation: You have a pair of small horns on your
                  | head. [potion of mutation]
  6099 | D:7      | Gained mutation: You are partially covered in iridescent
                  | scales. (AC +2) [potion of mutation]
  6099 | D:7      | Gained mutation: You passively map a small area around you.
                  | [potion of mutation]
  6105 | D:7      | HP: 3/84 [killer bee (2)]
  6107 | D:7      | Succumbed to a killer bee's poison

Illustrated notes

Levels and vault maps discovered:
D:1:      dpeg_arrival_caged_fury, layout_basic,
          chequers_ecumenical_altar_twisty, minmay_heptomino_d4
D:2:      layout_loops_ring, uniq_crazy_yiuf_cottage
D:3:      layout_loops_corners, gammafunk_ghost_stat_death, grunt_ministairs_6
D:4:      layout_gridville, minmay_vboxes
D:5:      layout_loops_cross, nicolae_uskayaw_murder_on_the_dancefloor,
          portal_sewer_entry_e, serial_shops, nicolae_shop_statue_plus,
          kennysheep_another_room
D:6:      layout_cave_pools, minmay_temple_entry_drinking_statues,
          ebering_ghost_rock_garden
D:7:      layout_cave_pods, okawaru_trees_2, mainiacjoe_overflow_catwalk,
          kennysheep_generic_room_15, uniq_maggie
D:8:      layout_layer_cave, gammafunk_temple_overflow_elements,
          mainiacjoe_overflow_small_starburst

Skill      XL: |  1  2  3  4  5  6  7  8  9 |
---------------+----------------------------+-----
Dodging        | 3 4 5 |  5.6
Unarmed Combat | 4 5 6 7 8 |  8.2
Shields        | 3 4 5 |  5.3
Stealth        | 1 2 |  2.1
Fighting       | 3 |  3.9
Short Blades   | 1 |  1.3
Polearms       | 1 |  1.7

Action                   |  1- 3 |  4- 6 |  7- 9 || total
-------------------------+-------+-------+-------++-------
Melee: Unarmed           |   153 |   129 |   203 ||   485
       Trident           |       |       |    63 ||    63
       Short sword       |       |       |    16 ||    16
       Headbutt          |       |       |     1 ||     1
  Use: Scroll            |     4 |     5 |     4 ||    13
       Potion            |       |     3 |    16 ||    19
 Stab: Sleeping          |       |     2 |     4 ||     6
Armor: Robe              |   111 |    77 |   139 ||   327
Dodge: Dodged            |    88 |    75 |   195 ||   358
Block: Kite shield       |    97 |   101 |   226 ||   424

Table legend: (Time is in decaauts)
 A = Elapsed time spent in this place.
 B = Non-inter-level travel time spent in this place.
 C = Inter-level travel time spent in this place.
 D = Time resting spent in this place.
 E = Time spent auto-exploring this place.
 F = Levels seen in this place.
 G = Mean time per level.
                   A        B        C        D        E       F      G
               +--------+--------+--------+--------+--------+-----+--------+
         Total |   6173 |   6005 |    168 |    744 |   3550 |   8 |  771.6 |
       Dungeon |   6173 |   6005 |    168 |    744 |   3550 |   8 |  771.6 |
               +--------+--------+--------+--------+--------+-----+--------+

Top non-repeatable levels by time:
     D:7: 1174 daAuts
     D:3: 982 daAuts
     D:1: 902 daAuts
     D:5: 813 daAuts
     D:6: 795 daAuts
     D:4: 765 daAuts
     D:2: 720 daAuts
     D:8: 18 daAuts
